 Dungeon Crawl Stone Soup version 0.30.1-11-g7821555f0a (webtiles) character file.

Game seed: 5814983073894970817

3654 Skopsi the Protected (level 10, 0/76 HPs)
             Began as a Barachi Fighter on Jan 6, 2024.
             Was a Believer of Uskayaw.
             Slain by a two-headed ogre
             ... wielding a +0 giant spiked club
              (18 damage)
             ... on level 6 of the Dungeon.
             The game lasted 01:30:01 (7863 turns).

Skopsi the Protected (Barachi Fighter)              Turns: 7863, Time: 01:30:02

Health: 0/76       AC: 19    Str: 19    XL:     10   Next: 12%
Magic:  0/3        EV:  7    Int:  9    God:    Uskayaw [**....]
Gold:   390        SH: 20    Dex: 14    Spells: 9/9 levels left

rFire   + . .        b - +4 short sword (antimagic)
rCold   . . .        J - +0 tower shield
rNeg    . . .        j - +4 chain mail {Will+}
rPois   .            w - +0 helmet
rElec   .            o - +0 cloak
rCorr   .            (no gloves)
SInv    .            e - +0 pair of boots
Will    +....        d - amulet of reflection Stlth
                     v - ring of protection from fire
HPRegen 0.32/turn    (no ring)
MPRegen 0.08/turn

%: reflection
@: slow
A: amphibious, slowness 1, strong legs 1, +LOS
a: Hop, Renounce Religion, Stomp, Line Pass


You were on level 6 of the Dungeon.
You worshipped Uskayaw.
Uskayaw was noncommittal.
You visited 2 branches of the dungeon, and saw 8 of its levels.
You also visited: Ossuary.

You collected 442 gold pieces.
You spent 52 gold pieces at shops.

Inventory:

Hand Weapons
 a - a +0 long sword
 b - a +4 antimagic short sword (weapon)
 c - a +0 flail of protection
Missiles
 l - 25 poisoned darts (quivered)
 p - 67 stones
 A - 6 javelins
Armour
 e - a +0 pair of boots (worn)
 j - a +4 chain mail of willpower (worn)
 o - a +0 cloak (worn)
 w - a +0 helmet (worn)
 y - an orb of energy
 J - a +0 tower shield (worn)
Magical Staves
 K - a staff of air
Jewellery
 d - an amulet of reflection (around neck)
 v - a ring of protection from fire (left hand)
Wands
 x - a wand of roots (15)
Scrolls
 g - a scroll of magic mapping
 k - 2 scrolls of fog
 m - a scroll of brand weapon {unknown}
 n - 2 scrolls of teleportation
 r - 2 scrolls of amnesia
 s - 2 scrolls of enchant weapon
 u - 2 scrolls of enchant armour {unknown}
 z - a scroll of vulnerability {unknown}
 B - 2 scrolls of poison
 C - 4 scrolls of immolation
 E - a scroll of blinking {unknown}
 H - 2 scrolls of fear {unknown}
 I - 2 scrolls of butterflies {unknown}
 N - a scroll of identify
Potions
 f - 2 potions of flight
 h - 3 potions of ambrosia
 i - 4 potions of curing
 q - 2 potions of magic {unknown}
 t - 2 potions of resistance
 D - 2 potions of lignification {unknown}
 F - 3 potions of attraction {unknown}
 G - 2 potions of mutation {unknown}
 L - a potion of invisibility {unknown}
 M - a potion of brilliance {unknown}


   Skills:
 + Level 6.0 Fighting
 + Level 6.4(8.1) Short Blades
 * Level 8.3(9.5) Long Blades
 + Level 0.5 Throwing
 * Level 9.1 Armour
 + Level 3.5 Dodging
 + Level 2.3 Stealth
 + Level 7.4 Shields


You had 9 spell levels left.
You didn't know any spells.
Your spell library contained the following spells:

 Spells                   Type           Power      Damage    Failure   Level
 Apportation              Tloc           0%         N/A       100%        1
 Magic Dart               Conj           0%         1d3       100%        1
 Necrotise                Necr           0%         1d4       100%        1
 Summon Small Mammal      Summ           0%         N/A       100%        1
 Blink                    Tloc           0%         N/A       100%        2
 Lesser Beckoning         Tloc           0%         N/A       100%        2
 Momentum Strike          Conj/Tloc      0%         3d8       100%        2
 Searing Ray              Conj           0%         2d4       100%        2
 Gell's Gravitas          Tloc           0%         N/A       100%        3
 Teleport Other           Tloc           0%         N/A       100%        3
 Fulminant Prism          Conj/Hex       0%         3d5       100%        4
 Dispersal                Tloc           0%         N/A       100%        6
 Simulacrum               Ice/Necr       0%         N/A       100%        6
 Ozocubu's Refrigeration  Ice            0%         4d7       100%        7
 Polar Vortex             Ice            0%         N/A       100%        9


Dungeon Overview and Level Annotations

Branches:
Dungeon (7/15)             Temple (1/1) D:4         Ossuary (visited)

Altars:
Dithmenos
Elyvilon
Fedhas
Gozag
Hepliaklqana
Kikubaaqudgha
Makhleb
Nemelex Xobeh
Okawaru
Qazlal
Ru
Sif Muna
Trog
Uskayaw
Vehumet
Wu Jian
Xom
Yredelemnul
Zin
The Shining One

Shops:
D:5 ***

Annotations:
Temple 4 transporters


Innate Abilities, Weirdness & Mutations

You are amphibious.
You cover ground slowly.
You can hop short distances.
You have an extended range of vision and can be seen from far away.


Message History

The two-headed ogre barely misses you. You block the two-headed ogre's attack.
You hit the two-headed ogre.
The two-headed ogre is moderately wounded.
The two-headed ogre hits you with a +0 giant spiked club.
You block the two-headed ogre's attack.
You barely miss the two-headed ogre.
The two-headed ogre is moderately wounded.
You hit the two-headed ogre.
The two-headed ogre is moderately wounded.
The two-headed ogre hits you with a +0 giant spiked club!
You block the two-headed ogre's attack.
You hit the two-headed ogre.
The two-headed ogre is heavily wounded.
You hit the two-headed ogre.
The two-headed ogre is heavily wounded.
The two-headed ogre hits you with a +0 giant spiked club!!
You block the two-headed ogre's attack.
You puncture the two-headed ogre!
The two-headed ogre is severely wounded.
You block the two-headed ogre's attack. x2
Uskayaw will force your foes to helplessly watch your dance.
Uskayaw prepares the audience for your solo!
The two-headed ogre is no longer paralysed.
You hit the two-headed ogre but do no damage.
The two-headed ogre is heavily wounded.
You stomp with the beat, sending a shockwave through the revellers around you!
The two-headed ogre is severely wounded.
The two-headed ogre hits you with a +0 giant spiked club!
* * * LOW HITPOINT WARNING * * *
The two-headed ogre barely misses you.
You hit the two-headed ogre.
The two-headed ogre is severely wounded.
You block the two-headed ogre's attack.
The two-headed ogre hits you but does no damage.
You hit the two-headed ogre.
The two-headed ogre is severely wounded.
You hit the two-headed ogre.
The two-headed ogre is almost dead.
The two-headed ogre hits you with a +0 giant spiked club!!
You die...

#### .# #..........[.# ..# ...#
.# #.#########..# #.# ##.# ...
#..# #.# #.# ## #..# #.# #.#
#..###.##### #.# #..........##
#.# ##.###.###... #.# #######.#
#.# #### #.# #@O...#.# #.# #.#
#.###.#.###.# ##.#### ####.#
#.....<.#### ......#####
#....###........O.#
#####)....###.##.....#####.##Y#
#.................#.# #.##.#
...#...#...#...#...#.# #.##.#
##..#...#...#...#..#.### #.##O#
#...#...#...#...#.#.#.. ..##Y#


You could see a two-headed ogre.

Vanquished Creatures
  Grinder (D:3)
  Menkaure (D:7)
  Edmund (D:5)
  Duvessa (D:6)
  A water moccasin (D:7)
  2 orc warriors
  A sky beast (D:7)
  A black bear (D:5)
  6 ogres
  A centaur (D:5)
  2 phantoms (D:6)
  Blork the orc (D:5)
  2 bullfrogs (D:6)
  A kobold brigand (D:7)
  7 elf zombies (Ossuary)
  A gnoll sergeant (D:5)
  A scorpion (D:5)
  Dowan (D:6)
  5 centaur zombies (Ossuary)
  5 hounds
  An orc priest (D:7)
  A jelly (D:4)
  A human zombie (D:6)
  A sleepcap (D:6)
  3 iguanas
  8 orc wizards
  Terence (D:3)
  3 mummies (Ossuary)
  11 adders
  4 gnolls (D:3)
  A shadow imp (D:5)
  2 white imps
  4 worms
  2 dart slugs
  15 orcs
  9 ball pythons
  6 endoplasms
  A giant cockroach (D:2)
  8 goblins
  10 hobgoblins
  6 jackals
  11 kobolds
  3 quokkas (D:5)
  2 bats
  3 frilled lizards
  A hobgoblin zombie (D:6)
  6 rats
  A rat zombie (D:6)
167 creatures vanquished.

Notes
Turn   | Place    | Note
-------+----------+-------------------------------------------
     0 | D:1      | Skopsi the Barachi Fighter began the quest for the Orb.
     0 | D:1      | Reached XP level 1. HP: 18/18 MP: 1/1
   130 | D:1      | no
   255 | D:1      | Reached XP level 2. HP: 19/25 MP: 2/2
   980 | D:2      | Reached XP level 3. HP: 30/30 MP: 3/3
  1084 | D:2      | Found an ancient bone altar of Kikubaaqudgha.
  1352 | D:2      | You fall into a shaft and drop 2 floors!
  1448 | D:4      | Reached XP level 4. HP: 25/37 MP: 4/4
  1471 | D:4      | Reached skill level 4 in Armour
  1720 | D:4      | Reached skill level 5 in Long Blades
  1720 | D:4      | Reached XP level 5. HP: 42/42 MP: 5/5
  1751 | D:3      | Noticed Grinder
  1756 | D:3      | Paralysed by Grinder for 4 turns
  2354 | D:3      | Noticed Terence
  2379 | D:3      | Killed Terence
  2794 | D:3      | Reached XP level 6. HP: 48/48 MP: 2/6
  3108 | D:3      | Reached skill level 1 in Dodging
  3218 | D:3      | Killed Grinder
  3219 | D:3      | Reached skill level 1 in Short Blades
  3219 | D:3      | Reached skill level 5 in Armour
  3219 | D:3      | Reached XP level 7. HP: 54/55 MP: 2/7
  3390 | D:3      | Found a faded altar of an unknown god.
  3398 | D:3      | Prayed at the altar of an unknown god.
  3398 | D:3      | Became a worshipper of Uskayaw the Reveller
  3398 | D:3      | Reached * piety under Uskayaw
  3748 | D:4      | Reached ** piety under Uskayaw
  4046 | D:4      | Found a staircase to the Ecumenical Temple.
  4051 | Temple   | Entered the Ecumenical Temple
  4051 | Temple   | Found a transporter.
  4051 | Temple   | Found a transporter.
  4052 | Temple   | Found a transporter.
  4052 | Temple   | Found a transporter.
  4140 | D:5      | Entered Level 5 of the Dungeon
  4158 | D:5      | Noticed Edmund
  4251 | D:5      | Reached skill level 6 in Armour
  4379 | D:5      | Found Cehutomy's General Store.
  4381 | D:5      | Noticed Blork the orc
  4420 | D:5      | Reached *** piety under Uskayaw
  4421 | D:5      | Killed Blork the orc
  4428 | D:5      | Reached **** piety under Uskayaw
  4620 | D:6      | Reached XP level 8. HP: 47/61 MP: 2/8
  4652 | D:6      | Found a sand-covered staircase.
  4681 | D:6      | Reached skill level 7 in Armour
  4686 | Ossuary  | Entered an ossuary
  4737 | Ossuary  | Reached skill level 1 in Stealth
  4761 | Ossuary  | Reached ***** piety under Uskayaw
  4820 | Ossuary  | Reached ****** piety under Uskayaw
  4825 | Ossuary  | Reached skill level 5 in Shields
  4851 | Ossuary  | Reached skill level 5 in Fighting
  5152 | D:6      | Noticed a two-headed ogre
  5241 | D:5      | Bought a scroll of identify for 26 gold pieces
  5241 | D:5      | Bought a scroll of identify for 26 gold pieces
  5315 | D:5      | Reached XP level 9. HP: 54/68 MP: 3/9
  5323 | D:5      | Found Wot Zylu's Specific Store.
  5329 | D:5      | Found Luuwutwo's General Store.
  5465 | D:5      | Reached skill level 5 in Short Blades
  5680 | D:5      | Killed Edmund
  5681 | D:5      | Reached skill level 8 in Armour
  6599 | D:6      | Noticed Dowan
  6599 | D:6      | Noticed Duvessa
  6618 | D:6      | Killed Duvessa
  6623 | D:6      | Killed Dowan
  6766 | D:6      | Found a glowing golden altar of the Shining One.
  6809 | D:7      | Noticed Menkaure
  6824 | D:7      | Killed Menkaure
  7275 | D:6      | Reached skill level 9 in Armour
  7506 | D:6      | Reached XP level 10. HP: 65/76 MP: 0/10
  7863 | D:6      | Slain by a two-headed ogre

Illustrated notes

..~~~[....###.##########
.~...~.....##........).#
.≈.<.~........########.#
.~...~.....########.##.###
..~~~.....###............#
.........## #.#..........#
........## #..#.....#...#
.......## #...#.....#..#
##...### #...@#.......##
##### ##:....#.......#
...#.......#.#.#.##
#...............#
###...#...#....##
#....#......##
#.......#[.## #...!.....##
#.#.#...###


Turn 130 on D:1: no

Levels and vault maps discovered:
D:1:      enne_arrival_octagon_isle, layout_loops_ring, minmay_misc_feat_x,
          hangedman_decor_opposing, ebering_dispersal_statue_hall,
          dreamdust_princess_corridor
D:2:      layout_basic, basic_altar, minmay_cupped
D:3:      layout_loops_ring, chequers_ecumenical_altar_simple,
          kennysheep_generic_room_7, uniq_grinder, uniq_terence
D:4:      layout_basic, temple_statues
D:5:      minmay_chambers_of_fours, layout_rooms, kb_lookout_dungeons_type,
          minmay_misc_feat_ornament, grunt_ministairs_9, nicolae_specific_store,
          nicolae_stop_n_shop_2, uniq_blork_the_orc, uniq_edmund
D:6:      cheibrodos_fzero, layout_loops_ring, tso_altar, enter_ossuary_3,
          minmay_misc_feat_tower, minmay_a_box_with_orc_wizards_in_it,
          uniq_duvessa
D:7:      layout_basic, mainiacjoe_overflow_paths, uniq_menkaure
Temple:   hellmonk_temple_divided_pantheon

Skill      XL: |  1  2  3  4  5  6  7  8  9 10 |
---------------+-------------------------------+-----
Fighting       | 4 5 6 |  6.0
Long Blades    | 3 4 5 6 7 8 |  8.3
Armour         | 4 5 6 7 9 |  9.1
Shields        | 4 5 7 |  7.4
Dodging        | 1 2 3 |  3.5
Short Blades   | 1 2 4 6 |  6.4
Stealth        | 2 |  2.3
Throwing       | |  0.5

Action                     |  1- 3 |  4- 6 |  7- 9 | 10-12 || total
---------------------------+-------+-------+-------+-------++-------
  Melee: Long sword        |   126 |    80 |       |       ||   206
         Short sword       |       |   113 |   725 |    98 ||   936
  Throw: Boomerang         |       |     3 |       |       ||     3
         Dart              |       |       |     4 |     2 ||     6
 Invoke: Stomp             |       |       |     3 |     1 ||     4
    Use: Scroll            |       |     7 |    10 |       ||    17
         Potion            |       |     1 |       |       ||     1
   Stab: Paralysed         |       |       |    15 |       ||    15
 Armour: Scale mail        |    54 |    35 |       |       ||    89
         Chain mail        |       |    52 |   264 |    25 ||   341
  Dodge: Dodged            |    71 |    69 |   107 |     7 ||   254
  Block: Buckler           |    29 |    41 |   118 |       ||   188
         Reflection        |       |       |    11 |       ||    11
         Tower shield      |       |       |   285 |    48 ||   333
